Cogmind - Beta 16.1 @@@ ROGUE MODE // 2026.03.03 @ 11:45:30 Player: Endlessblaze Result: Destroyed by YL-OXJ(R) with Subdweller Machine Gun Performance ------------- Evolutions (0) 0 Regions Visited (2) 400 Robots Destroyed (20) 100 Value Destroyed (332) 332 Prototype IDs (0) 0 Alien Tech Used (0) 0 Bonus (0) 0 TOTAL SCORE: 832 Bonus ------- None Cogmind --------- Core Integrity 0/250 Matter 290/300 Energy 250/250 System Corruption 0% Temperature Cool (0) Movement Walking (190) Ox1 Location -10/Subcaves Parts ------- > --- POWER (1) -------- Ion Engine > --- PROPULSION (2) --- Aluminum Leg > --- UTILITY (2) ------ Small Storage Unit Seismic Detector > --- WEAPON (2) ------- EM Pulse Gun > --- INVENTORY (8) ---- Flight Unit Flight Unit Huge Storage Unit Hacking Suite Subdweller Machine Gun Slug Cannon Grenade Launcher Multitool Peak State ------------ > --- POWER ------------ Light Nuclear Core > --- PROPULSION ------- Aluminum Leg Aluminum Leg > --- UTILITY ---------- Small Storage Unit Seismic Detector > --- WEAPON ----------- EM Pulse Gun Subdweller Shrapnel Launcher > --- INVENTORY -------- Ion Engine Flight Unit Flight Unit Huge Storage Unit Hacking Suite Slug Cannon Grenade Launcher Mining Laser [Rating: 11] Favorites ----------- Power Light Nuclear Core Engine Ion Engine Power Core Light Nuclear Core Propulsion Aluminum Leg Leg Aluminum Leg Utility Small Storage Unit Device Seismic Detector Storage Small Storage Unit Weapon Light Assault Rifle Energy Gun EM Pulse Gun Ballistic Gun Light Assault Rifle Launcher Subdweller Shrapnel Launcher Special Weapon Mining Laser Build | -11 -10 -10 ------- Run | Yrd Mat Sub Slots Evolved . | . . . Power . | . . . Propulsion . | . . . Utility . | . . . Weapon . | . . . Parts Attached 15 | 7 5 3 Power 3 | 1 1 1 Engine 2 | 1 . 1 Core 1 | . 1 . Reactor . | . . . Propulsion 4 | 2 2 . Treads . | . . . Leg 4 | 2 2 . Wheel . | . . . Hover . | . . . Flight . | . . . Utility 3 | 2 1 . Device 2 | 1 1 . Storage 1 | 1 . . Processor . | . . . Hackware . | . . . Protection . | . . . Artifact . | . . . Weapon 5 | 2 1 2 Energy Gun 1 | . . 1 Energy Cannon . | . . . Ballistic Gun 2 | 2 . . Ballistic Cannon . | . . . Launcher 1 | . . 1 Special Weapon 1 | . 1 . Impact Weapon . | . . . Slashing Weapon . | . . . Piercing Weapon . | . . . Special Melee Weapon . | . . . Unidentified Prototypes . | . . . Parts Lost 4 | . 1 3 Power . | . . . Propulsion 1 | . . 1 Utility 1 | . 1 . Weapon 2 | . . 2 Highest Loss Streak 2 | . 1 2 To Critical Strikes 1 | . . 1 Average Backups 7 | 3 7 7 Power 1 | . 1 . Propulsion 2 | 1 2 2 Utility 1 | . 1 2 Weapon 2 | . 2 3 Tool/Special . | . . . Unused Backups 8 | . 2 6 Power . | . . . Propulsion 2 | . 2 . Utility 2 | . . 2 Weapon 3 | . . 3 Tool/Special 1 | . . 1 Average Slot Usage (%) 95 | . 92 99 Engine 6 | . 1 12 Core 7 | . 12 1 Leg 27 | . 28 27 Device 10 | . 7 14 Storage 14 | . 14 14 Energy Gun 5 | . . 12 Ballistic Gun 13 | . 21 3 Launcher 5 | . . 12 Special Weapon 3 | . 6 . Peak Build Rating 11 | 9 10 11 Average Rating 8 | 7 8 9 On Entrance 6 | . 9 10 Avg Prop Armor Cover (%) . | . . . Naked Turns . | . . . Heaviest Build 21 | 13 13 21 Greatest Support 20 | 20 20 20 Greatest Overweight (x) 1 | . . 1 Average Overweight (x) . | . . . Largest Inventory Capacity 8 | 8 8 8 Average Capacity 7 | 7 8 8 Most Carried 8 | 5 8 8 Average Carried 7 | 3 7 7 Final Capacity 8 | 8 8 8 Final Carried 8 | 5 8 8 Class Distribution -------------------- 80% | Mutant 19% | Scavenger-Mutant Dominant Class ---------------- Mutant | -10/Materials Mutant | -10/Subcaves Resources | -11 -10 -10 ----------- Run | Yrd Mat Sub Matter Collected 512 | 302 179 31 Remotely . | . . . Salvage Created 656 | 226 366 64 Parts 38 | 11 22 5 Haulers Intercepted . | . . . Recyclers Shooed 1 | . 1 . Parts Field Recycled . | . . . Retrieved Matter . | . . . Parts Self-Destructed 8 | . . 8 Prevented . | . . . Parts Restored . | . . . Kills | -11 -10 -10 ------- Run | Yrd Mat Sub Combat Hostiles Destroyed 11 | . 10 1 Guns 11 | . 10 1 Classes Destroyed 9 | 3 4 2 Worker 1 | 1 . . Tunneler 4 | 4 . . Recycler 2 | 1 1 . Operator 1 | . 1 . Watcher 1 | . 1 . Swarmer 6 | . 6 . Grunt 4 | . 4 . Artisan 1 | . . 1 Subdweller 1 | . . 1 Best Kill Streak 3 | 2 3 1 Combat Bots Only 3 | . 3 1 Max Kills in Single Turn 1 | 1 1 1 Gunslinging . | . . . Exploded . | . . . Melee . | . . . Uniques/NPCs Destroyed . | . . . Combat | -11 -10 -10 -------- Run | Yrd Mat Sub Hostile Shots Fired 85 | . 74 11 Missed 21 | . 19 2 Hits 64 | . 55 9 Projectile 64 | . 55 9 Critical Strikes 1 | . . 1 Damage Taken 805 | . 550 255 Core 251 | . 190 61 Absorbed by Shields . | . . . Core Remaining (%) 100 | 100 . . Volleys Fired 105 | 16 68 21 Largest 2 | 2 2 2 Hottest 100 | 40 100 80 Shots Fired 187 | 32 130 25 Gun 180 | 32 124 24 Cannon . | . . . Launcher 1 | . . 1 Special 6 | . 6 . Kinetic 162 | 32 124 6 Thermal 6 | . 6 . Explosive . | . . . Electromagnetic 19 | . . 19 Robot Hit Streak 14 | 13 14 9 Robot Miss Streak 4 | 2 4 2 Penetration Max . | . . . Secondary Targets 2 | . 2 . Max Gunslinging Chain 1 | . 1 . Shots Hit Robots 117 | 23 75 19 Core Hits 47 | 9 30 8 Critical Kills . | . . . Critical Parts Destroyed . | . . . Critical Strikes . | . . . Melee Attacks . | . . . Impact . | . . . Slashing . | . . . Piercing . | . . . Sneak Attacks . | . . . Combat Hostiles . | . . . Follow-up Attacks . | . . . Damage Inflicted 1081 | 183 627 271 Guns 964 | 183 603 178 Cannons . | . . . Explosions 93 | . . 93 Melee . | . . . Ramming . | . . . Kinetic 878 | 183 603 92 Thermal 66 | . 24 42 Explosive . | . . . Electromagnetic 137 | . . 137 Impact . | . . . Slashing . | . . . Piercing . | . . . Highest Corruption . | . . . Average Corruption . | . . . Corruption Purged . | . . . Corruption Blocked . | . . . Overload Shots . | . . . Overflow Damage 14 | . 14 . Projectiles 14 | . 14 . Explosions . | . . . Melee . | . . . Knockbacks . | . . . Impact . | . . . Kinetic . | . . . Secondary . | . . . Self-Inflicted Damage 59 | . . 59 Shots 1 | . . 1 Rammed . | . . . Targets Rammed . | . . . Kicked . | . . . Crushed . | . . . Highest Temperature 84 | . 84 . Average Temperature 15 | . 15 . Received Heat Transfer 138 | . 138 . Siege Activations . | . . . Martial Activations . | . . . Shielding Activations . | . . . Robots Disrupted . | . . . Combat Hostiles . | . . . Robots Corrupted . | . . . Combat Hostiles . | . . . Parts Fried . | . . . Impact Corruptions . | . . . Robots Melted . | . . . Combat Hostiles . | . . . Parts Melted . | . . . Heat Transferred 100 | . 50 50 Parts Sabotaged . | . . . Parts Stolen . | . . . Parts Stripped . | . . . Power Chain Reactions 1 | . . 1 Alert | -11 -10 -10 ------- Run | Yrd Mat Sub Maximum Alert Level . | . . . Low Security (%) 100 | 100 100 . Level 1 . | . . . Level 2 . | . . . Level 3 . | . . . Level 4 . | . . . Level 5 . | . . . High Security . | . . . Max Security . | . . . Peak Influence 149 | 5 149 . Initial 3 | . 3 . Average 16 | 1 18 . Influence Increases 410 | 30 380 . Destroy 0b10 Robot/C 200 | . 200 . Destroy 0b10 Robot/NC 45 | 30 15 . Destroy Leader 42 | . 42 . Trap Triggered on 0b10 60 | . 60 . Successful Hack 15 | . 15 . Disable Machine 15 | . 15 . Destroy Structure 3 | . 3 . Lose Combat Pursuer 30 | . 30 . Influence Decreases 410 | 25 240 145 Entered New Map 72 | . 2 70 Time Decay 318 | 25 228 65 Lost Part 20 | . 10 10 Squads Dispatched 2 | . 2 . Investigation . | . . . Extermination . | . . . Reinforcement 2 | . 2 . Assault . | . . . Garrison . | . . . Intercept . | . . . Searches Triggered . | . . . Construction Impeded . | . . . Haulers Reinforced . | . . . Active Scanning Responses . | . . . Cargo Convoy Interrupts . | . . . Stealth | -11 -10 -10 --------- Run | Yrd Mat Sub Distress Signals 1 | . 1 . Communications Jammed . | . . . Distress Signals . | . . . Times Spotted 19 | . 17 2 Peak Tracking Total 5 | . 5 1 Tactical Retreats 1 | . 1 . Traps | -11 -10 -10 ------- Run | Yrd Mat Sub Traps Triggered . | . . . Indirectly . | . . . Trap Hack Attempts . | . . . Triggered . | . . . Disarmed . | . . . Reprogrammed 6 | . 6 . Reused 6 | . 6 . Traps Extracted . | . . . Installed . | . . . Triggered 6 | . 6 . Machines | -11 -10 -10 ---------- Run | Yrd Mat Sub Machines Disabled 1 | . 1 . Max in Single Turn 1 | . 1 . Machines Repaired . | . . . Machines Dismantled . | . . . Machines Sabotaged . | . . . Overloaded Fab Kills . | . . . Hacking | -11 -10 -10 --------- Run | Yrd Mat Sub Machines Accessed 5 | . 5 . Terminals 5 | . 5 . Fabricators . | . . . Repair Stations . | . . . Recycling Units . | . . . Scanalyzers . | . . . Garrison Access . | . . . Total Hacks 20 | . 20 . Successful 12 | . 12 . Failed 8 | . 8 . Catastrophic 1 | . 1 . Database Lockouts . | . . . Manual 17 | . 17 . Terminals 20 | . 20 . Fabricators . | . . . Repair Stations . | . . . Recycling Units . | . . . Scanalyzers . | . . . Garrison Access . | . . . Terminal Hacks 3 | . 3 . Terminal Index 1 | . 1 . Locate Traps 1 | . 1 . Reprogram Traps 1 | . 1 . Fabricator Hacks . | . . . Repair Station Hacks . | . . . Recycling Unit Hacks . | . . . Scanalyzer . | . . . Garrison Access Hacks . | . . . Unauthorized Hacks 9 | . 9 . Terminals 9 | . 9 . Track 2 | . 2 . Assimilate 2 | . 2 . Botnet 5 | . 5 . Fabricators . | . . . Repair Stations . | . . . Recycling Units . | . . . Scanalyzers . | . . . Garrison Access . | . . . Data Cores Recovered . | . . . Used . | . . . Hacking Detections 5 | . 5 . Full Trace Events . | . . . Feedback Events . | . . . Feedback Blocked . | . . . Robot Schematics Acquired . | . . . Robots Built . | . . . Authchips . | . . . Time . | . . . Total Robot Build Rating . | . . . Part Schematics Acquired . | . . . Parts Built . | . . . Authchips . | . . . Time . | . . . Total Part Build Rating . | . . . Part Studies Acquired . | . . . Parts Repaired . | . . . Time . | . . . Parts Recycled . | . . . Recycled Matter . | . . . Retrieved Matter . | . . . Retrieved Components . | . . . Parts Scanalyzed . | . . . Part Schematics Acquired . | . . . Parts Damaged . | . . . Bothacking | -11 -10 -10 ------------ Run | Yrd Mat Sub Used RIF Installer . | . . . Robots Hacked . | . . . Non-combat . | . . . Combat . | . . . Robot Hacks Applied . | . . . Relay Couplers Released . | . . . Fabnet Peak Effective % . | . . . Robots Rewired . | . . . Allies Hacked . | . . . Hacks Repelled . | . . . Allies | -11 -10 -10 -------- Run | Yrd Mat Sub Total Allies . | . . . Largest Group . | . . . Highest-Rated Group . | . . . Highest-Rated Ally . | . . . Total Orders . | . . . Ally Attacks . | . . . Total Damage . | . . . Kills . | . . . Allies Corrupted . | . . . Allies Melted . | . . . Intel | -11 -10 -10 ------- Run | Yrd Mat Sub Active Infowar (turns) 1809 | 83 649 1077 Terrain 117 | 83 34 . Seismic 1692 | . 615 1077 Robot Analysis Total . | . . . Derelict Logs Recovered 1 | . . 1 Drone Launches . | . . . Drone Recoveries . | . . . Exploration | -11 -10 -10 ------------- Run | Yrd Mat Sub Turns Passed 2554 | 179 1298 1077 Spaces Moved 1047 | 105 494 448 Core 6 | 6 . . Treads . | . . . Legs 1041 | 99 494 448 Wheels . | . . . Hover . | . . . Flight . | . . . Fastest Speed 50 | 50 120 120 Average Speed 143 | 116 120 175 Slowest Speed 190 | 120 120 190 Overloaded Moves . | . . . Propulsion Burnouts . | . . . Robots Hopped . | . . . Potential Cave-ins . | . . . Cave-ins Triggered . | . . . Exploration Rate (%) 29 | 4 68 17 Regions Visited 2 Branch Regions 1 Pre-discovered Areas 1 | . . 1 Known Exits Taken . | . . . Unknown Exits Taken 2 | 1 1 . Scrap Searched 3 | . . 3 Spaces Dug 3 | . 3 . Terrain Destroyed 28 | . 4 24 Melee . | . . . Projectile 4 | . 4 . AOE 24 | . . 24 Terrain Rammed . | . . . Walls Destroyed . | . . . Machines Disabled . | . . . Actions | -11 -10 -10 --------- Run | Yrd Mat Sub Total 1929 | 133 1082 714 Wait 740 | . 504 236 Move 1045 | 104 493 448 Hop . | . . . Pick Up 15 | 6 6 3 Fast Attach 7 | 6 . 1 Attach 3 | 1 1 1 Detach . | . . . Swap 6 | . 5 1 Drop 8 | . 5 3 Fire 105 | 16 68 21 Melee . | . . . Ram . | . . . Kick . | . . . Crush . | . . . Escape Stasis . | . . . Rewire . | . . . Trap . | . . . Miscellaneous . | . . . Route ------- -11/Scrapyard -10/Materials (discovered 4 exits: [*Mat x2] / [*Min] / [*Sub]) -10/Subcaves (discovered 1 exit: [*Mat]) History --------- Turn | Location | Event 69 | -11/Scrapyard | Discovered new exit (range 14) 180 | -11/Scrapyard | Entered Materials 312 | -10/Materials | Build established: Mutant 492 | -10/Materials | Discovered new exit (range 3) 658 | -10/Materials | Discovered new exit (range 3) 717 | -10/Materials | Core integrity fell below 50% 739 | -10/Materials | Discovered new exit (range 13) 1149 | -10/Materials | Build established: Scavenger-Mutant 1399 | -10/Materials | Discovered new exit (range 12) 1478 | -10/Materials | Entered Subcaves 1500 | -10/Subcaves | Learned location of Zion (-6) 1581 | -10/Subcaves | Core integrity fell below 20% 1641 | -10/Subcaves | Build established: Mutant 1705 | -10/Subcaves | Discovered new exit (range 16) 1717 | -10/Subcaves | Curiously followed by a Cobbler waking with a query about "LVR3C" 2173 | -10/Subcaves | Shifting Twisted Machinery released Sub. Power Source 2178 | -10/Subcaves | Shifting Twisted Machinery released Sub. Beam Cannon 2555 | -10/Subcaves | Destroyed by YL-OXJ(R) with Subdweller Machine Gun Last Messages --------------- Sub. Power Source falls loose from the Twisted Machinery. Sub. Beam Cannon falls loose from the Twisted Machinery. 02411_ 7L-RGF(u) tweaks Twisted Machinery. 02468_ 7L-RGF(u) cries out in pain. [Achievement: Art Critic] 02468_ 7L-RGF(u) destroyed. 02471_ Subatomizers dissect the Multitool. 02478_ Acquired 4 matter. 02482_ Dropped Mining Laser. 02482_ Acquired Multitool. 02499_ Subatomizers dissect the Mining Laser. 02528_ YL-OXJ(R): "LEAVESUB!" 02539_ Subatomizers dissect the Mining Laser. 02542_ Aluminum Leg destroyed. 02542_ Destroyed Aluminum Leg. 02551_ Subatomizers dissect the Mining Laser. 02551_ Critical hit (Destroy). 02551_ Sub. Shrapnel Launcher destroyed. Map ----- +----------------------------------------------------+ | ???????????????????????????????????## "" # | | ???????????????????????????????????# """ " | | ???????????????????????????????????# """< ]""" | | ???????????????????????????????????# * """" | | ???????????????????????????????????### "" | | ?????????????????????????????????????## | | ???????????????????????????????????##### ###% | | ??????????????????????????????????##""## ##?# | | ?????????????????????????????##??##" ### # | | ???????????????????????# ###%### ### ### # | | ????????????????????????# % ## #?# | | ?????????????????????????# ##?# | | ?????????????????????????##### ## #?# | | ?????????????????????????????# #### ### | | ?????????????????????????????### #??### | | ????????????????????????######## #????# | | ????????????????????????# # # #????# # | | ??????#####?????????????# ##???# ## # | | ??????# ""#????????????# ####### ##### ## | | ??????# " ####???????##| #????# ## | | ?????## "" """###??##?# % #????### ### | | ?????# """ """" ### #?## ##?????# ####?# | | ??????"" " """ #???# ###?? ##???## | | ??????#""" "" ### ##### ;;# ##????# | | ??????# """ ### #;; ; #?????# ## | | ?????"" """"" ## ; ;;@ ;# ??????# #### # | | ?????" """""""" ## R ;#### ??????####??#### | | ????? ?"" " " """ ; #?# #???????????????? | | ???????" ""## """; ; ;; #?# #????????????????? | | ?????? ##?# #;;;;; ##?##?????????????????? | | ????? ????# ########?????????????????????? | | ????? ?????## ##????????????????????????????? | | ?????????????#######?????????????????????????????? | | ?????????????????????????????????????????????????? | | ?????????????????????????????????????????????????? | | ?????????????????????????????????????????????????? | | ?????????????????????????????????????????????????? | | ?????????????????????????????????????????????????? | | ?????????????????????????????????????????????????? | | ?????????????????????????????????????????????????? | | ?????????????????????????????????????????????????? | | ?????????????????????????????????????????????????? | | ?????????????????????????????????????????????????? | | ?????????????????????????????????????????????????? | | ?????????????????????????????????????????????????? | | ?????????????????????????????????????????????????? | | ?????????????????????????????????????????????????? | | | | | | | +----------------------------------------------------+ Best States ------------- Heat Dissipation 25 Energy Generation 14 Energy Capacity 250 Matter Stores 300 Matter Capacity 300 Sight Range 16 Terrain Scan Range 16 Terrain Scan Density 10 Evasion (%) 55 Item Schematics ----------------- None Robot Schematics ------------------ None Fabricated ------------ Nothing Repaired ---------- Nothing Studied --------- None Alien Tech Used ----------------- None Achievements -------------- Art Critic Challenges ------------ None Game ------ Seed MasterBlinkExtrapolator Manual? 0 Play Time 00:23:14 Cumulative 37.1 hours Start 2026.03.03 @ 11:11:17 End 2026.03.03 @ 11:45:30 Sessions 1 Manual Loads 0 Difficulty Rogue Special Mode None Game No. 53 Rogue 53 Adventurer 0 Explorer 0 Win Type - Total 0 Types 0/0/0/0/0/0/0/0/0/0 Lore% 36 Gallery% 28 Achievement% 16 Wizard Run 0 Options --------- Layout 1 ASCII 0 Keyboard 0 Movement Arrows Keybinds 0 Fullscreen 1 Font 16/SmallcapsGlow Map View 55x38 Zoom Use 0% Tactical HUD 1 Map Filters NONE Filters NONE Steam 1 RUN: 0932ce37-8d51-47b8-9095-a589cc068d36